 Dungeon Crawl Stone Soup version bcrawl-1.17.3 (webtiles) character file.

Game seed: 11713041492532989117

204 Chiseanne the Shooter (level 5, -1/41 HPs)
             Began as a Mummy Archaeologist on Oct 25, 2019.
             Slain by a centaur (4 damage)
             ... on level 4 of the Dungeon.
             The game lasted 00:04:25 (3418 turns).

Chiseanne the Shooter (Mummy Archaeologist)         Turns: 3418, Time: 00:04:25

Health: -1/41      AC: 12    Str: 15    XL:     5   Next: 52%
Magic:  5/5        EV:  7    Int: 14    God:
Gold:   155        SH:  0    Dex: 10    Spells: 4/4 levels left

rFire    x . .     SeeInvis .   n - +0 hand axe
rCold    + . .     Gourm    .   (no shield)
rNeg     + + +     Faith    .   o - +1 chain mail
rPois    ∞         Spirit   .   c - +1 hat
rElec    .         Reflect  .   (no cloak)
rCorr    .         Harm     .   (no gloves)
MR       .....     Clarity  +   d - +1 pair of boots
Stlth    ..........             (no amulet)
HPRegen  0.13/turn              (no ring)
MPRegen  0.09/turn              (no ring)

@: studying Bows
A: no food or potions, fire vulnerability, clarity, cold resistance 1, negative
energy resistance 3, torment resistance, unbreathing
a: no special abilities


You were on level 4 of the Dungeon.
You were not hungry.

You visited 1 branch of the dungeon, and saw 4 of its levels.

You collected 155 gold pieces.

Inventory:

Hand Weapons
 n - a +0 hand axe (weapon)
Missiles
 a - 202 poisoned needles
 b - a throwing net {!f}
 g - 249 arrows
 k - 34 curare-tipped needles
 l - 285 stones (quivered)
Armour
 c - a +1 hat (worn)
 d - a +1 pair of boots (worn)
 m - a cursed +0 leather armour
 o - a +1 chain mail (worn)
Jewellery
 h - an uncursed ring of protection from fire {unknown}
 p - an uncursed ring of protection from fire {unknown}
Scrolls
 i - a scroll of enchant armour
 j - a scroll of teleportation
Books
 e - a manual of Bows
Miscellaneous
 f - an ancient crate


   Skills:
 - Level 3.0 Fighting
   Level 0.7 Maces & Flails
 + Level 5.3 Bows
 - Level 2.4 Dodging
 - Level 2.6 Stealth


You had 4 spell levels left.
You didn't know any spells.
Your spell library contained the following spells:

 Spells                   Type           Power        Failure   Level  Hunger
 Corona                   Hex            #......      100%        1    N/A
 Ensorcelled Hibernation  Hex/Ice        #.....       100%        2    N/A
 Confuse                  Hex            #.......     100%        3    N/A
 Dazzling Spray           Conj/Hex       #.....       100%        3    N/A
 Tukima's Dance           Hex            #.......     100%        3    N/A

Dungeon Overview and Level Annotations

Branches:
Dungeon (4/12)
 Temple: D:4-7

Altars:
Cheibriados
Lugonu

Annotations:
D:2 1 exclusion


Innate Abilities, Weirdness & Mutations

You do not eat or drink.
Your flesh is vulnerable to fire.
You are immune to poison.
You possess an exceptional clarity of mind.
Your flesh is cold resistant. (rC+)
You are immune to negative energy. (rN+++)
You are immune to unholy pain and torment.
You can survive without breathing.


Message History

* * * LOW HITPOINT WARNING * * *
The centaur closely misses you.
You hit the centaur but do no damage.
The centaur is severely wounded.
The centaur hits you but does no damage.
The centaur hits you.
* * * LOW HITPOINT WARNING * * *
Your chain mail prevents you from hitting the centaur.
The centaur is severely wounded.
The centaur hits you.
* * * LOW HITPOINT WARNING * * *
The centaur hits you but does no damage.
You hit the centaur but do no damage.
The centaur is severely wounded.
The centaur hits you but does no damage. x2
You hit the centaur.
The centaur is almost dead.
The centaur hits you but does no damage.
The centaur hits you.
You die...

####### #.....##
#####..#
##...##.##########
##.....#..........#
#.......#.........#
#.......#...>.....#
####.......#.........#
..........##..@......#
#####..<..####c'###.##
#.......# ..... #
#.......#.≈..≈.#
#.>.....+..≈≈..+
.........+..≈≈.?+
#####...###.≈..≈.#
##### #......#


You could see a centaur.

Vanquished Creatures
  A crimson imp (D:3)
  A hound (D:3)
  An orc wizard (D:3)
  A hound skeleton (D:3)
  A gnoll (D:1)
  An adder (D:3)
  An ooze (D:1)
  3 worms
  3 dart slugs
  A leopard gecko (D:2)
  5 orcs (D:3)
  3 ball pythons
  5 bats
  A giant cockroach (D:1)
  3 goblins
  6 hobgoblins
  3 jackals (D:1)
  7 kobolds
  3 frilled lizards (D:1)
  4 rats
54 creatures vanquished.

Vanquished Creatures (others)
  9 toadstools (D:2)
9 creatures vanquished.

Grand Total: 63 creatures vanquished

Notes
Turn   | Place    | Note
-------+----------+-------------------------------------------
     0 | D:1      | Chiseanne the Mummy Archaeologist began the quest for the
                  | Orb.
     0 | D:1      | Reached XP level 1. HP: 15/15 MP: 1/1
   103 | D:1      | Reached XP level 2. HP: 16/22 MP: 2/2
   769 | D:1      | Reached XP level 3. HP: 26/29 MP: 3/3
  1083 | D:2      | Reached skill level 1 in Bows
  1621 | D:1      | Reached skill level 2 in Bows
  2194 | D:3      | Reached XP level 4. HP: 18/35 MP: 4/4
  2206 | D:3      | Reached skill level 3 in Bows
  2463 | D:3      | Reached skill level 4 in Bows
  2601 | D:3      | Reached XP level 5. HP: 23/41 MP: 5/5
  2761 | D:3      | Reached skill level 5 in Bows
  2974 | D:3      | Found a corrupted altar of Lugonu.
  3138 | D:3      | Found a snail-covered altar of Cheibriados.
  3390 | D:4      | Noticed a centaur
  3418 | D:4      | Slain by a centaur

Skill      XL: |  1  2  3  4  5 |
---------------+----------------+-----
Fighting       | 2 3 |  3.0
Bows           | 2 4 5 |  5.3
Maces & Flails | |  0.7
Dodging        | |  2.4
Stealth        | |  2.6

Action                   |  1- 3 |  4- 6 || total
-------------------------+-------+-------++-------
Melee: Whip              |   111 |       ||   111
       Short sword       |    72 |       ||    72
       Hand axe          |    21 |   178 ||   199
Throw: Stone             |     1 |       ||     1
  Use: Scroll            |       |     5 ||     5
Armor: Robe              |    73 |       ||    73
       Chain mail        |    17 |   123 ||   140
Dodge: Dodged            |   139 |    65 ||   204
